 Dungeon Crawl Stone Soup version 0.27.1-4-g1640c2035a (webtiles) character file.

Game seed: 18045648907824044686

127 styxcanada the Sneak (level 4, -1/23 HPs)
             Began as a Spriggan Brigand on Nov 2, 2021.
             Slain by Ijyb (3 damage)
             ... on level 3 of the Dungeon.
             The game lasted 00:10:00 (2963 turns).

styxcanada the Sneak (Spriggan Brigand)             Turns: 2963, Time: 00:10:00

Health: -1/23      AC:  4    Str:  7    XL:     4   Next: 85%
Magic:  5/5        EV: 16    Int: 12    God:
Gold:   65         SH:  5    Dex: 17    Spells: 3/3 levels left

rFire    . . .     SeeInvis +   a - +2 dagger
rCold    . . .     Faith    .   k - +0 buckler
rNeg     . . .     Spirit   .   b - +0 robe
rPois    .         Reflect  .   (helmet restricted)
rElec    .         Harm     .   c - +1 cloak
rCorr    .         Rampage  .   (gloves unavailable)
Will     .....                  (boots unavailable)
Stlth    ++++......             (no amulet)
HPRegen  0.07/turn              (no ring)
MPRegen  0.09/turn              (no ring)

@: very quick
A: very small, no large weapons, unfitting armour, see invisible, speed 3
a: no special abilities


You were on level 3 of the Dungeon.
You visited 1 branch of the dungeon, and saw 3 of its levels.

You collected 104 gold pieces.
You spent 39 gold pieces at shops.

Inventory:

Hand Weapons
 a - a +2 dagger (weapon)
 g - a +0 hunting sling
 o - a +0 hunting sling
Missiles
 d - 21 poisoned darts (quivered)
 e - 2 curare-tipped darts
 f - 2 boomerangs
 h - 122 stones
 i - 33 sling bullets
Armour
 b - a +0 robe (worn)
 c - a +1 cloak (worn)
 k - a +0 buckler (worn)
Potions
 l - 4 potions of flight
 n - a potion of brilliance
 p - a potion of curing


   Skills:
 * Level 2.0 Fighting
 + Level 3.0 Short Blades
 + Level 2.2 Throwing
 * Level 2.6 Dodging
 * Level 7.9 Stealth
 + Level 0.1 Shields


You had 3 spell levels left.
You didn't know any spells.
Your spell library was empty.

Dungeon Overview and Level Annotations

Branches:
Dungeon (3/15)

Altars:

Shops:
D:2 *

Annotations:
D:3 Ijyb


Innate Abilities, Weirdness & Mutations

You are very small and have problems with some larger weapons.
You are too small for most types of armour.
You have supernaturally acute eyesight. (SInv)
You cover ground extremely quickly. (Speed+++)


Message History

You kill the goblin!
h - 99 stones (gained 18)
You see here a +0 hunting sling.
g - a +0 hunting sling
d - 20 poisoned darts (gained 2)
Things that are here:
a +0 hunting sling; 13 sling bullets; a hobgoblin corpse
Things that are here:
a +0 hunting sling; 20 sling bullets
i - 20 sling bullets
i - 33 sling bullets (gained 13)
Things that are here:
a +0 hunting sling; a hobgoblin corpse
h - 122 stones (gained 23);
d - 21 poisoned darts (gained 1)
You see here a +0 hunting sling.
You start resting.
HP restored.
A goblin comes into view. It is wielding a +0 club.
Ijyb the Twisted Goblin comes into view.
She is wielding a +0 club, wearing a +3 leather armour of fire resistance and carrying a wand of mindburst (10).
The helpless goblin fails to defend itself.
You stick the goblin like a pincushion!!!
You kill the goblin!
Found a stone staircase leading down.
Ijyb shouts!
You hit Ijyb but do no damage. Ijyb hits you with a +0 club.
You hit Ijyb.
Ijyb is lightly wounded.
Ijyb barely misses you.
You hit Ijyb but do no damage.
Ijyb is lightly wounded.
Ijyb zaps a wand.
Your mind is blasted!
Ouch! That really hurt!
* * * LOW HITPOINT WARNING * * *
You hit Ijyb.
Ijyb is moderately wounded.
Ijyb barely misses you.
You hit Ijyb but do no damage.
Ijyb is moderately wounded.
Ijyb hits you with a +0 club.
You die...

....# #.# ....# #.# .##
....# ... #.## .. ##..#
... #..# .# #..#.......
##.##.# #..#.......#
#)...# # ##..#.......#
##...#.# <...........#
#.....# ##..........#
#@....#
#.#........#...g.......
##.#........#........##.
.......### #........#
...#...# #........#
####..)#### #.....>....
# #..()..# #...........
# #...#### #.......###.
# ##.##


You could see Ijyb.

Vanquished Creatures
  An orc priest (D:3)
  An orc wizard (D:3)
  A worm (D:2)
  A dart slug (D:2)
  3 orcs (D:3)
  8 ball pythons
  7 endoplasms
  2 giant cockroaches (D:1)
  10 goblins
  4 hobgoblins
  7 jackals
  3 quokkas (D:1)
  3 bats
  2 frilled lizards
  4 rats
57 creatures vanquished.

Notes
Turn   | Place    | Note
-------+----------+-------------------------------------------
     0 | D:1      | styxcanada the Spriggan Brigand began the quest for the
                  | Orb.
     0 | D:1      | Reached XP level 1. HP: 10/10 MP: 2/2
    57 | D:1      | Reached skill level 6 in Stealth
   377 | D:1      | Reached XP level 2. HP: 11/14 MP: 3/3
   860 | D:1      | Reached skill level 7 in Stealth
   956 | D:1      | Reached XP level 3. HP: 6/18 MP: 4/4
  2054 | D:2      | Found Ununtank's General Store.
  2059 | D:2      | Bought a potion of curing for 39 gold pieces
  2331 | D:3      | Reached XP level 4. HP: 23/23 MP: 5/5
  2953 | D:3      | Noticed Ijyb
  2963 | D:3      | Slain by Ijyb

Illustrated notes

Levels and vault maps discovered:
D:1:      scummos_arrival_star, layout_basic, minmay_heptomino_d4
D:2:      layout_loops_ring, serial_shops, shop
D:3:      minmay_goblin_kobold_castle, layout_basic, uniq_ijyb

Skill      XL: |  1  2  3  4 |
---------------+-------------+-----
Stealth        | 6 7 |  7.9
Dodging        | 2 |  2.6
Short Blades   | 3 |  3.0
Fighting       | 2 |  2.0
Throwing       | |  2.2
Shields        | |  0.1

Action                   |  1- 3 |  4- 6 || total
-------------------------+-------+-------++-------
Melee: Dagger            |   128 |    74 ||   202
Throw: Dart              |    14 |     3 ||    17
  Use: Scroll            |       |     4 ||     4
       Potion            |       |     4 ||     4
 Stab: Sleeping          |     9 |     2 ||    11
       Distracted        |       |     1 ||     1
Armor: Robe              |     9 |    15 ||    24
Dodge: Dodged            |    74 |    47 ||   121
Block: Buckler           |    16 |    13 ||    29
